 Dungeon Crawl Stone Soup version 0.27-a0-61-g21144fbd99 (webtiles) character file.

Game seed: 8356624860805170758

46 robertstho the Sneak (level 3, -3/27 HPs)
             Began as a Vine Stalker Brigand on Jan 8, 2021.
             Slain by Crazy Yiuf
             ... wielding a +4 quarterstaff of chaos
              (6 damage)
             ... on level 2 of the Dungeon.
             The game lasted 00:01:34 (2017 turns).

robertstho the Sneak (Vine Stalker Brigand)         Turns: 2017, Time: 00:01:34

Health: -3/27      AC:  3    Str: 13    XL:     3   Next: 68%
Magic:  0/4        EV: 11    Int: 12    God:
Gold:   101        SH:  0    Dex: 15    Spells: 2/2 levels left

rFire    . . .     SeeInvis .   j - +0 dagger (venom)
rCold    . . .     Faith    .   (no shield)
rNeg     . . .     Spirit   +   b - +0 robe
rPois    .         Reflect  .   (no helmet)
rElec    .         Harm     .   c - +0 cloak
rCorr    .         Rampage  .   (no gloves)
Will     .....                  (no boots)
Stlth    ..........             (no amulet)
HPRegen  0.09/turn              (no ring)
MPRegen  0.09/turn              (no ring)

@: berserking, very quick
A: fangs 2, magic shield, antimagic bite, no potion heal 3
a: no special abilities


You were on level 2 of the Dungeon.
You visited 1 branch of the dungeon, and saw 2 of its levels.

You collected 101 gold pieces.

Inventory:

Hand Weapons
 a - a +2 dagger
 j - a +0 dagger of venom (weapon)
Missiles
 d - 8 poisoned darts (quivered)
 e - 2 curare-tipped darts
Armour
 b - a +0 robe (worn)
 c - a +0 cloak (worn)
Scrolls
 g - 2 scrolls of teleportation {unknown}
 h - a scroll of remove curse {unknown}
 k - a scroll of magic mapping {unknown}
 l - a scroll of random uselessness {unknown}
 r - 2 scrolls of amnesia {unknown}
Potions
 f - 2 potions of haste {unknown}
 i - 2 potions of invisibility {unknown}
 m - a potion of might {unknown}
 n - a potion of brilliance {unknown}
 o - 3 potions of curing {unknown}
 p - a potion of flight {unknown}
 q - a potion of heal wounds {unknown}


   Skills:
 * Level 2.2 Fighting
 + Level 2.0 Short Blades
 + Level 1.8 Throwing
 + Level 0.8 Dodging
 * Level 6.0 Stealth


You had 2 spell levels left.
You didn't know any spells.
Your spell library was empty.

Dungeon Overview and Level Annotations

Branches:
Dungeon (2/15)

Altars:

Annotations:
D:2 Crazy Yiuf


Innate Abilities, Weirdness & Mutations

You have extremely sharp teeth.
When hurt, damage is shared between your health and your magic reserves.
Your bite disrupts and absorbs the magic of your enemies.
Potions cannot restore your health.


Message History

Could not explore, unopened runed door.
You open the door. You hit Crazy Yiuf but do no damage.
Crazy Yiuf says, "Tonal agre spinner!"
Crazy Yiuf hits you with a +4 quarterstaff of chaos!
Ouch! That really hurt!
A red film seems to cover your vision as you go berserk!
You feel yourself moving faster!
You feel mighty!
You hit Crazy Yiuf but do no damage.
Crazy Yiuf is poisoned.
Crazy Yiuf hits you with a +4 quarterstaff of chaos!
* * * LOW HITPOINT WARNING * * *
Crazy Yiuf burns you.
* * * LOW HITPOINT WARNING * * *
You completely miss Crazy Yiuf. You bite Crazy Yiuf. You drain his power.
You feel invigorated.
Crazy Yiuf is lightly wounded.
You hit Crazy Yiuf.
Crazy Yiuf looks as sick as possible!
Crazy Yiuf is moderately wounded.
Crazy Yiuf hits you with a +4 quarterstaff of chaos!
You die...

#.## #.......# #....)...##
###..#####.###### ##........##
.......###.# #...#..#####
.....#..#..# ##### #....)#####.
.....##...## #..)# ###..÷......
...†)##^.## #...# #...........
.....##...## ... #....######.
.....##.#..# #g# #.#### #.
.....##.##.# ♣♣@♣ ### #.
...(.##.##.# ♣.♣♣ ##### ###.
#.##....##.# ♣♣.♣ #...#####...
#.###..###.# ♣.♣♣ #.........>.
#.# #..# #.# ♣♣.♣♣ #...####....
#.# ##.###.# ♣...♣♣ #...........
#.# #.....# ♣....♣ #...####....
#.####...#.# #....# ##.####..[..
...........###+..'#####......#>..


You could see Crazy Yiuf (extremely poisoned).

Vanquished Creatures
  An adder (D:2)
  A worm (D:2)
  A bat (D:1)
  4 giant cockroaches
  4 goblins
  8 hobgoblins
  7 kobolds
  2 frilled lizards (D:2)
  4 rats (D:2)
32 creatures vanquished.

Notes
Turn   | Place    | Note
-------+----------+-------------------------------------------
     0 | D:1      | robertstho the Vine Stalker Brigand began the quest for the
                  | Orb.
     0 | D:1      | Reached XP level 1. HP: 11/11 MP: 2/2
   390 | D:1      | Reached skill level 5 in Stealth
   735 | D:1      | Reached XP level 2. HP: 8/15 MP: 1/3
  1428 | D:2      | Reached XP level 3. HP: 18/18 MP: 4/4
  1846 | D:2      | Found a runed translucent door.
  1847 | D:2      | Noticed Crazy Yiuf
  1880 | D:2      | Reached skill level 6 in Stealth
  2017 | D:2      | Slain by Crazy Yiuf

Illustrated notes

Levels and vault maps discovered:
D:1:      evilmike_arrival_crescent, layout_basic
D:2:      layout_rooms, uniq_crazy_yiuf_cottage

Skill      XL: |  1  2  3 |
---------------+----------+-----
Stealth        | 5 6 |  6.0
Fighting       | 2 |  2.2
Short Blades   | 2 |  2.0
Throwing       | |  1.8
Dodging        | |  0.8

Action                   || total
-------------------------++-------
Melee: Dagger            ||    78
       Bite              ||    23
 Stab: Sleeping          ||     9
Armor: Robe              ||    13
Dodge: Dodged            ||    36

Table legend: (Time is in decaauts)
 A = Elapsed time spent in this place.
 B = Non-inter-level travel time spent in this place.
 C = Inter-level travel time spent in this place.
 D = Time resting spent in this place.
 E = Time spent auto-exploring this place.
 F = Levels seen in this place.
 G = Mean time per level.
                   A        B        C        D        E       F      G
               +--------+--------+--------+--------+--------+-----+--------+
         Total |   2008 |   1918 |     90 |    220 |   1497 |   2 | 1004.0 |
       Dungeon |   2008 |   1918 |     90 |    220 |   1497 |   2 | 1004.0 |
               +--------+--------+--------+--------+--------+-----+--------+

Top non-repeatable levels by time:
     D:1: 1254 daAuts
     D:2: 754 daAuts
